 Dungeon Crawl Stone Soup version 0.18-a0-1120-g03bd624 (webtiles) character file.

2331886 Strylgvaidir the Axe Maniac (level 27, 107/273 HPs)
             Began as a Minotaur Fighter on Jan 17, 2016.
             Was a High Priest of Okawaru.
             Escaped with the Orb
             ... and 4 runes on Jan 18, 2016!
             The game lasted 06:29:44 (89527 turns).

Strylgvaidir the Axe Maniac (Minotaur Fighter)     Turns: 89527, Time: 06:29:44

Health: 107/273    AC: 54    Str: 34    XL:     27
Magic:  21/39      EV: 27    Int: 10    God:    Okawaru [*****.]
Gold:   7594       SH: 22    Dex: 15    Spells: 3 memorised, 29 levels left

rFire  + + .     SeeInvis .     P - +8 mithril axe "Arga" {speed, MR+ Str+2}
rCold  + + +     Gourm    .     J - +9 crystal plate armour "Oqiamm" {rF+}
rNeg   + + .     Faith    .     M - +2 shield of Resistance {rF+ rC+ MR+}
rPois  +         Spirit   +     k - +2 hat {Spirit}
rElec  +         Dismiss  .     X - +2 cloak of Starlight {rElec rC+ EV+4 Stlth--}
rCorr  .         Reflect  .     y - +2 pair of gloves {Dex+3}
SustAt .         Harm     .     V - +2 pair of boots
MR     +++++     Clarity  +     C - amulet of the Four Winds {rN+ MR+++ Clar}
Stlth  ..........               B - ring "Haocze" {MR+ Int+5 Slay+6 Stlth-}
                                S - ring "Syewam" {*Drain rPois rC+ rN+ MR+}

@: finesse, almost entirely resistant to hostile enchantments, extremely
unstealthy
A: retaliatory headbutt, horns 2, blurry vision 1, screaming 1, sturdy frame 1
a: Heroism, Finesse, Renounce Religion
0: Orb of Zot
}: 4/15 runes: serpentine, barnacled, slimy, silver


You escaped.
You worshipped Okawaru.
Okawaru was extremely pleased with you.
You were not hungry.

You visited 17 branches of the dungeon, and saw 68 of its levels.
You visited 1 bazaar.
You visited 1 ziggurat, and saw 18 of its levels.
You also visited: Labyrinth, Trove, Sewer and Ice Cave.

You collected 11624 gold pieces.
You spent 4030 gold pieces at shops.

Inventory:

Hand Weapons
 s - the +9 broad axe of Xynaifea {flame, rF+ Int-3 Dex+7}
   (Okawaru gifted it to you on level 1 of the Iron City of Dis)

   It has been specially enchanted to burn those struck by it, causing extra
   injury to most foes and up to half again as much damage against particularly
   susceptible opponents.
   Big, fiery blades are also staple armaments of hydra-hunters.
   It affects your intelligence (-3).
   It affects your dexterity (+7).
   It protects you from fire.
 v - the +8 Wrath of Trog {antimagic, *Rage}
   (You found it on level 15 of a ziggurat)

   It disrupts the flow of magical energy around spellcasters and certain
   magical creatures (including the wielder).
   It may make you go berserk in combat.
 P - the +8 mithril axe "Arga" (weapon) {speed, MR+ Str+2}
   (Okawaru gifted it to you on level 6 of the Lair of Beasts)

   Attacks with this weapon are significantly faster.
   It affects your strength (+2).
   It affects your resistance to hostile enchantments.
Missiles
 u - 26 javelins of penetration (quivered)
Armour
 a - the +4 dragonskin cloak
   (You took it off Tiamat on level 1 of the Realm of Zot)
 k - a +2 hat of spirit shield (worn)
 y - a +2 pair of gloves of dexterity (worn)
 J - the +9 crystal plate armour "Oqiamm" (worn) {rF+}
   (You acquired it on level 15 of the Dungeon)

   It protects you from fire.
 M - the +2 shield of Resistance (worn) {rF+ rC+ MR+}
   (You found it on level 3 of the Crypt)

   It protects you from fire.
   It protects you from cold.
   It affects your resistance to hostile enchantments.
 V - a +2 pair of boots (worn)
 X - the +2 cloak of Starlight (worn) {rElec rC+ EV+4 Stlth--}
   (You found it in a labyrinth)

   It affects your evasion (+4).
   It protects you from cold.
   It insulates you from electricity.
   It makes you much less stealthy.
Jewellery
 d - the amulet of Vucaux {Reflect rF+ MR+ SH+3}
   (You found it on level 17 of a ziggurat)

   [amulet of reflection]

   It shields you and reflects attacks.
   It protects you from fire.
   It affects your resistance to hostile enchantments.
   It affects your SH (+3).
 p - the ring "Qissek" {rCorr rN++}
   (You found it on level 15 of a ziggurat)

   [ring of resist corrosion]

   It greatly protects you from negative energy.
 B - the ring "Haocze" (right hand) {MR+ Int+5 Slay+6 Stlth-}
   (You found it on level 4 of the Depths)

   [ring of slaying]

   It affects your intelligence (+5).
   It affects your accuracy and damage with ranged weapons and melee attacks
   (+6).
   It affects your resistance to hostile enchantments.
   It makes you less stealthy.
 C - the amulet of the Four Winds (around neck) {rN+ MR+++ Clar}
   (You found it on level 11 of a ziggurat)

   [amulet of nothing]

   It protects you from negative energy.
   It affects your resistance to hostile enchantments.
   It protects you against confusion.
 S - the ring "Syewam" (left hand) {*Drain rPois rC+ rN+ MR+}
   (You found it on level 5 of the Vaults)

   [ring of poison resistance]

   It protects you from cold.
   It protects you from poison.
   It protects you from negative energy.
   It affects your resistance to hostile enchantments.
   It causes draining when unequipped.
Wands
 b - a wand of heal wounds (2/9)
 c - a wand of teleportation (1/9)
 e - a wand of digging (10/24)
 m - a wand of disintegration (6/24)
 n - a wand of invisibility (1/9)
 t - a wand of disintegration (9/24)
 G - a wand of polymorph (8/24)
 H - a wand of cold (9/15)
 L - a wand of cold (10/15)
Scrolls
 h - 45 scrolls of remove curse
 q - 11 scrolls of fear
 r - 11 scrolls of teleportation
 z - 3 scrolls of silence
 A - 5 scrolls of recharging
 D - 6 scrolls of identify
 E - 4 scrolls of amnesia
 F - a scroll of summoning
 K - 16 scrolls of blinking
 N - a scroll of holy word
 U - 3 scrolls of magic mapping
 W - 14 scrolls of fog
Potions
 i - 16 potions of curing
 o - 4 potions of cure mutation
 w - 12 potions of flight
 T - 3 potions of berserk rage
 Y - a potion of resistance
Books
 j - the Catalogue of the Supportive Traveller
   (You found it on level 3 of the Crypt)

   Spells                             Type                      Level
   a - Gell's Gravitas                Hexes/Translocation          3
   b - Recall                         Summoning/Translocation      3
   c - Portal Projectile              Translocation                3
   d - Force Lance                    Conjuration/Translocation    4
   e - Summon Forest                  Summoning/Translocation      5
 I - the Tome of Unholy Rituals
   (You found it on level 3 of the Crypt)

   Spells                             Type                      Level
   a - Animate Skeleton               Necromancy                   1
   b - Regeneration                   Charms/Necromancy            3
   c - Animate Dead                   Necromancy                   4
   d - Dispel Undead                  Necromancy                   5
   e - Simulacrum                     Ice/Necromancy               6
   f - Borgnjor's Revivification      Necromancy                   8
Miscellaneous
 g - a lamp of fire
 x - a stone of tremors
Comestibles
 f - 35 bread rations
 l - 42 meat rations


   Skills:
 O Level 27 Fighting
 O Level 27 Axes
   Level 1.2(18.7) Polearms
 - Level 4.2 Throwing
 O Level 27 Armour
 O Level 27 Dodging
 O Level 27 Shields
 + Level 13.2 Spellcasting
 - Level 1.6 Fire Magic
 - Level 4.7 Air Magic
 + Level 15.0 Earth Magic
 - Level 12.1 Invocations
 - Level 4.2 Evocations


You had 29 spell levels left.
You knew the following spells:

 Your Spells              Type           Power        Failure   Level  Hunger
a - Tornado               Air            ###.......   100%        9    #######
e - Fireball              Conj/Fire      #.........   100%        5    #####..
f - Shatter               Erth           #####.....   100%        9    #######


Dungeon Overview and Level Annotations

Branches:
Dungeon (15/15)            Temple (1/1) D:5            Lair (8/8) D:11
 Shoals (4/4) Lair:3        Snake (4/4) Lair:6        Slime (6/6) Lair:7
    Orc (2/2) D:10            Elf (3/3) Orc:2        Vaults (5/5) D:13
  Crypt (3/3) Vaults:2       Tomb (0/3) Crypt:3      Depths (5/5) D:15
   Hell (1/1)                 Dis (1/7) Hell            Geh (1/7) Hell
    Coc (2/7) Hell            Tar (2/7) Hell            Zot (5/5) Depths:5

Altars:
Ashenzari
Cheibriados
Dithmenos
Elyvilon
Fedhas
Gozag
Kikubaaqudgha
Makhleb
Nemelex Xobeh
Okawaru
Pakellas
Qazlal
Ru
Sif Muna
Trog
Vehumet
Xom
Yredelemnul
Zin
The Shining One
Beogh
Jiyva
Lugonu

Shops:
Orc:2 (:[[!   Elf:1 [   Elf:2 !}}   Elf:3 *   Shoals:2 :   Vaults:1 ?
Vaults:3 =   Vaults:4 %

Portals:
Hell: Depths:1 Depths:2 Depths:3 Depths:4 Depths:5
Abyss: Depths:1 Depths:2 Depths:4 Depths:5
Pandemonium: Depths:1 Depths:3 Depths:5

Annotations:
D:14 Azrael


Innate Abilities, Weirdness & Mutations

You reflexively headbutt those who attack you in melee.
You have a pair of horns on your head.
Scrolls take you a little longer to read.
You occasionally shout uncontrollably at your foes.
Your movements are slightly less encumbered by armour (ER -2).


Message History

The sun demon is heavily wounded.
You closely miss the sun demon. You headbutt the sun demon.
The sun demon is heavily wounded.
You closely miss the sun demon. You headbutt the sun demon.
The sun demon is heavily wounded.
You slice the ufetubus!!
You kill the ufetubus!
You block the sun demon's attack.
A hellwing comes into view.
The hellwing gives a chilling moan.
You slice the sun demon!!
You kill the sun demon!
Okawaru accepts your kill.
Unknown command.
Unknown command.
A smoke demon comes into view.
The Shadow Fiend calls on the powers of darkness!
Your body is wracked with pain!
There is a staircase leading out of the dungeon here.
You have escaped! ......# ♣PPP...P♣PPPP

#........ ......# #♣.♣P♣.PPP.♣P♣
P#........ ......#
PPPP..P♣.P.P♣♣P#........ ......#
.PPP....PP♣PPP#.#...... ......#
♣♣P♣.4...P..P♣#.[...... #######
♣P...♣...PPPP♣....)....
#########)########........
########.......)....(1(((..)(....
...............)@....).......>...
#######....................##....
# #.#################..#....# #
#.#♣PP..P.♣PP♣..PP#..#.####
#######.#.PPPPP♣PP.P♣PPP#..#.####
........#PPP♣♣♣.♣..♣.♣♣P#..#.#..'
........#P.P P.P♣P..PP♣P#..#.#.##
###....##PP


PPP PPPPPPPP#..#.#.#. ..#....# PP♣.PPPP♣P♣P#..#.#.#. You could see a Shadow
Fiend and a hellwing.

Vanquished Creatures
  Dissolution (Slime:2)
  the Royal Jelly (Slime:6)
  6 ancient liches
  Tiamat (Zot:1)
  8 orbs of fire (Zot:5)
  Mennas (Vaults:4)
  2 juggernauts
  2 iron giants (Depths:4)
  5 shard shrikes
  Saint Roka (Elf:3)
  2 curse toes (Zot:4)
  11 caustic shrikes (Depths:4)
  13 pandemonium lords
  Norris (Vaults:2)
  Geryon (Hell)
  6 Killer Klowns
  11 golden dragons
  A profane servitor (Crypt:3)
  7 liches
  8 bone dragons
  4 electric golems
  A doom hound (Tar:1)
  2 Brimstone Fiends (Dis:1)
  15 tentacled monstrosities
  Rupert (D:12)
  4 Hell Sentinels
  11 Ice Fiends
  4 deep elf blademasters
  3 titans
  32 Orb Guardians
  A quicksilver dragon (shapeshifter) (Zig:15)
  2 Executioners
  31 acid blobs
  3 death cobs
  13 Shadow Fiends
  Murray (Hell)
  3 deep elf master archers
  8 ancient champions
  4 quicksilver dragons
  8 sphinxes
  Gastronok (Lair:2)
  8 tengu reavers
  8 shadow dragons
  Kirke (Lair:6)
  2 eldritch tentacles
  16 storm dragons
  5 revenants
  A shadow dragon (shapeshifter) (Zig:15)
  9 azure jellies
  9 draconian monks
  11 greater nagas
  17 fire giants
  8 draconian knights
  A daeva (D:1)
  Ilsuiw (Shoals:4)
  Maud (Lair:3)
  9 deep elf sorcerers
  13 frost giants
  7 draconian scorchers
  3 iron dragons
  8 orc warlords
  6 cacodemons
  4 balrugs
  2 ghost moths
  17 vault wardens
  10 draconian zealots
  A black sun (Depths:1)
  4 warmongers
  5 deep elf elementalists
  The ghost of Reinor the Stickfighter, a journeyman MiGl of Ru (Elf:2)
  4 draconian shifters
  3 ghouls
  6 ironheart preservers
  13 draconian annihilators
  2 juggernaut zombies
  23 very ugly things
  A caustic shrike skeleton (Depths:2)
  20 stone giants
  5 war gargoyles
  2 spriggan defenders (Depths:4)
  29 reapers
  A stone giant (shapeshifter) (Zig:15)
  4 salamander stormcallers
  The ghost of zoolka the Bludgeoner, a journeyman MiBe of Trog (Lair:7)
  A corrupter (Zig:14)
  3 draconian callers
  An elemental wellspring (Coc:1)
  A dire elephant (Lair:8)
  11 yellow draconians
  8 deep elf annihilators
  15 black draconians
  17 purple draconians
  13 deep elf demonologists
  2 chaos champions
  10 green draconians
  11 mottled draconians
  2 lorocyprocas (Zig:16)
  14 red draconians
  12 vampire knights
  A blood saint (Zig:16)
  15 white draconians
  A dire elephant (shapeshifter) (Zig:15)
  A minotaur (Lab)
  14 ettins
  6 eidola
  The ghost of FIQ the Grappler, a journeyman TrMo (D:11)
  13 blizzard demons
  A spark wasp (Depths:3)
  11 merfolk javelineers
  25 jiangshi
  13 deep elf death magi
  7 merfolk impalers
  37 vault guards
  12 death oozes
  12 deep elf high priests
  3 green deaths
  30 fire dragons
  16 great orbs of eyes
  10 yaktaur captains
  8 entropy weavers
  2 quicksilver dragon zombies
  5 rakshasas
  21 ice dragons
  A caustic shrike simulacrum (Depths:2)
  12 hydras
  2 quicksilver dragon skeletons
  3 hell beasts
  21 naga warriors
  2 monstrous demonspawn
  2 juggernaut simulacra
  8 ogre magi
  5 catoblepae
  2 alligator snapping turtles (Shoals:4)
  9 anacondas
  4 merfolk aquamancers
  4 spriggan air magi
  10 centaur warriors
  7 death knights
  3 merfolk avatars
  A ghost crab (Tar:2)
  The ghost of FIQ the Cleaver, a novice HOFi of Beogh (D:10)
  37 dancing weapons
  Erica (D:8)
  A satyr (Shoals:3)
  4 deep troll earth magi
  A satyr (shapeshifter) (Vaults:5)
  6 tengu warriors
  10 vampire magi
  11 deep troll shamans
  2 titan zombies
  4 spriggan berserkers
  12 orc high priests
  15 death yaks
  4 thrashing horrors
  4 soul eaters
  18 sun demons
  8 hell hogs
  13 naga sharpshooters
  2 storm dragon zombies
  2 titan skeletons
  10 large abominations
  9 hell knights (Dis:1)
  2 iron golems
  Sonja (Lair:2)
  5 iron trolls
  8 shock serpents
  21 deep elf knights
  6 fire crabs
  A wretched star (Zig:14)
  A fire crab (shapeshifter) (Vaults:1)
  A spark wasp zombie (Depths:2)
  6 shadow wraiths
  3 salamander mystics (Snake:4)
  8 anaconda zombies
  A spatial maelstrom (Zig:14)
  8 shadow demons
  2 golden dragon zombies
  A death drake (Tar:1)
  81 skeletal warriors
  A quicksilver dragon simulacrum (Hell)
  15 flayed ghosts
  A storm dragon skeleton (Vaults:4)
  A ghost moth zombie (Crypt:3)
  12 sea snakes
  2 unseen horrors
  A gelid demonspawn (Depths:5)
  3 infernal demonspawn
  5 shadow dragon zombies
  11 naga ritualists
  5 lindwurms (Depths:5)
  2 putrid demonspawn
  23 deep trolls
  12 deep elf archers
  26 phantasmal warriors
  5 wizards
  2 giant orange brains
  A cherub (D:1)
  11 hill giants
  Pikel (D:4)
  2 obsidian statues
  A giant orange brain (shapeshifter) (Depths:4)
  A harpy (shapeshifter) (Zig:14)
  2 golden dragon skeletons
  2 anaconda skeletons (Coc:1)
  A tengu zombie (Vaults:4)
  19 harpies
  16 ironbrand convokers
  18 griffons
  79 deep elf magi
  3 oklob plants (Zig:14)
  4 fauns
  20 orc knights
  38 ugly things
  A wolf spider (shapeshifter) (D:13)
  11 necromancers
  A tengu skeleton (Depths:2)
  2 frost giant zombies
  2 fire giant zombies
  A salamander (shapeshifter) (Vaults:4)
  14 mana vipers
  10 shining eyes
  3 hornets
  3 shadow dragon skeletons
  7 water nymphs
  A hornet (shapeshifter) (D:13)
  10 orc sorcerers
  12 cyclopes
  20 manticores
  8 elephants
  2 wolf spiders
  2 stone giant zombies
  11 salamanders
  3 sixfirhies
  2 frost giant skeletons
  2 iron dragon skeletons (Coc:2)
  A manticore (shapeshifter) (Vaults:2)
  34 moths of wrath
  4 octopodes (shapeshifter)
  2 toenail golems
  8 rust devils
  2 centaur zombies
  4 fire giant skeletons
  4 stone giant skeletons
  7 sirens
  43 black mambas
  6 eyes of devastation
  14 naga magi
  An ice statue (IceCv)
  15 vault sentinels
  Maurice (D:9)
  5 smoke demons
  6 centaur skeletons
  8 guardian serpents
  4 orange demons
  A gargoyle (D:11)
  Joseph (D:8)
  A storm dragon simulacrum (Hell)
  4 dire elephant zombies
  A catoblepas zombie (Tar:2)
  A molten gargoyle (Hell)
  10 spiny frogs
  A torpor snail (Lair:8)
  3 dire elephant skeletons
  2 komodo dragons
  4 efreet
  A kobold demonologist (Vaults:2)
  A red draconian zombie (Crypt:1)
  11 hellions
  A purple draconian zombie (Tar:1)
  3 demonic crawlers
  20 ice devils
  24 yaktaurs
  8 hydra zombies
  2 yellow draconian skeletons (Crypt:2)
  2 golden dragon simulacra
  5 fire drakes
  A harpy zombie (Tar:1)
  A yaktaur skeleton (Vaults:4)
  13 red devils
  2 anaconda simulacra (IceCv)
  6 hellwings
  A tengu conjurer (Depths:5)
  20 tormentors
  2 ancient zymes (Zig:14)
  A silent spectre (Tar:1)
  10 trolls
  24 freezing wraiths
  3 jumping spiders
  34 merfolk
  A wind drake (shapeshifter) (Vaults:1)
  A polar bear (Lair:8)
  Prince Ribbit (D:6)
  2 tengu simulacra
  A death drake zombie (Crypt:2)
  4 alligator zombies
  A shadow dragon simulacrum (Coc:1)
  12 two-headed ogres
  3 wind drakes
  A harpy skeleton (Coc:2)
  6 hydra skeletons
  4 ettin zombies
  3 fire giant simulacra
  9 snapping turtles
  13 blink frogs
  4 raiju
  A blink frog (shapeshifter) (Vaults:1)
  2 fire dragon zombies
  158 slime creatures
  2 human simulacra
  2 ice dragon zombies
  5 boulder beetles
  91 flying skulls
  An alligator skeleton (Hell)
  A spriggan skeleton (Depths:2)
  A spriggan (Depths:3)
  10 air elementals
  23 redbacks
  3 ynoxinuls
  2 fire dragon skeletons (Coc:2)
  5 tarantellas
  Sigmund (D:6)
  3 ettin skeletons
  A spriggan (shapeshifter) (Depths:3)
  24 wraiths
  3 dire elephant simulacra (IceCv)
  2 black mamba zombies
  14 shadows
  46 yaks
  An ice dragon skeleton (Crypt:2)
  A guardian serpent skeleton (Crypt:2)
  A tarantella (shapeshifter) (D:15)
  4 wyverns
  4 hogs (Lair:6)
  25 water elementals
  14 golden eyes
  2 yaks (shapeshifter)
  Grum (Lair:1)
  3 basilisks
  5 small abominations
  A golden eye (shapeshifter) (Vaults:4)
  10 hippogriffs
  An elf skeleton (Depths:3)
  14 vampire mosquitoes
  2 neqoxecs
  3 death yak simulacra (IceCv)
  8 fire elementals
  3 chaos spawn
  3 wargs
  3 harpy simulacra (IceCv)
  5 hungry ghosts
  4 mottled dragons
  16 wolves
  An insubstantial wisp (Zig:14)
  64 nagas
  A soldier ant (D:13)
  2 iron troll simulacra (IceCv)
  Duvessa (D:4)
  4 hydra simulacra
  A spatial vortex (Tar:1)
  A spectral spriggan (Crypt:3)
  6 spiny frog zombies
  43 hell hounds
  17 water moccasins
  2 swamp drakes (Depths:5)
  8 porcupines
  72 orc warriors
  A snapping turtle zombie (Tar:1)
  2 wasps
  3 spiny frog skeletons
  12 ice beasts
  3 sky beasts
  3 starcursed masses (Zig:14)
  13 necrophages
  3 black bears
  3 ettin simulacra
  44 ogres
  8 phantoms
  14 eyes of draining
  2 alligator simulacra
  13 boggarts
  A fire dragon simulacrum (Coc:2)
  A torpor snail zombie (Crypt:1)
  A blink frog skeleton (Crypt:1)
  A manticore zombie (Tar:1)
  12 crocodiles
  2 snapping turtle skeletons (Coc:2)
  27 centaurs
  A yaktaur zombie (Crypt:1)
  6 big kobolds
  2 fire crab zombies (Crypt:1)
  26 giant frogs
  A cyclops zombie (Crypt:1)
  A wyvern zombie (D:14)
  4 earth elementals
  A spiny frog simulacrum (Coc:2)
  Dowan (D:4)
  6 scorpions
  A raiju zombie (Crypt:1)
  12 killer bees
  40 wights
  4 electric eels
  12 crimson imps
  A draconian simulacrum (IceCv)
  3 giant frog zombies
  A wasp zombie (Crypt:1)
  2 human zombies
  6 quasits
  3 hounds (D:7)
  44 jellies
  21 orc priests
  4 giant frog skeletons
  9 iron imps
  A human skeleton (Crypt:2)
  12 iguanas
  11 worker ants
  Natasha (thrice) (D:3)
  23 orc wizards
  14 hell rats
  3 troll simulacra (IceCv)
  2 spriggan simulacra (IceCv)
  An ogre zombie (Tar:2)
  41 sheep
  A wolf simulacrum (IceCv)
  A naga zombie (Dis:1)
  A dwarf skeleton (Crypt:1)
  3 centaur simulacra (IceCv)
  A naga skeleton (Tar:1)
  2 mummies (Dis:1)
  2 worker ant zombies (D:10)
  18 adders
  4 gnolls (D:10)
  2 naga simulacra (IceCv)
  An ogre simulacrum (IceCv)
  114 river rats
  10 shadow imps
  A swamp drake skeleton (Crypt:2)
  16 white imps
  10 ufetubi
  An ooze (D:3)
  An adder zombie (Crypt:2)
  2 adder skeletons (D:7)
  5 worms
  8 giant geckos
  108 orcs
  An orc (shapeshifter) (Vaults:5)
  16 bats
  12 giant cockroaches
  12 goblins
  6 hobgoblins
  22 jackals
  37 kobolds
  4 quokkas
  5 ball pythons (Sewer)
  A giant cockroach zombie (D:4)
  3 giant gecko skeletons
  10 giant newts
  A hobgoblin zombie (Crypt:1)
  A jackal skeleton (D:4)
  A kobold skeleton (Tar:1)
  An orc skeleton (Hell)
  An orc zombie (Dis:1)
  A quokka skeleton (D:2)
  33 rats
  4 crawling corpses
  A fulminant prism (Zig:15)
  10 fungi
  A macabre mass (Depths:4)
  30 plants
4066 creatures vanquished.

Vanquished Creatures (others)
  A bone dragon (Zig:13)
  A war gargoyle (Vaults:5)
  A stone giant (Vaults:5)
  2 deep elf demonologists (Elf:3)
  4 yaktaur captains
  2 rakshasas
  A centaur warrior (Vaults:1)
  2 naga sharpshooters
  A deep elf knight (Elf:1)
  A flayed ghost (Zig:13)
  A deep elf archer (Zig:11)
  A guardian serpent (Snake:4)
  5 yaktaurs
  An ancient zyme (Zig:14)
  2 air elementals (Zig:11)
  A water elemental (Elf:2)
  2 fire elementals
  A sky beast (D:8)
  2 orc warriors
  2 centaurs
  A small abomination (Zig:3)
  A hound (D:4)
  2 orc wizards (D:4)
  A river rat (Lair:6)
  3 orcs
  2 bushes
  A crawling corpse (Elf:3)
  2 eldritch tentacle segments (Coc:2)
  9 fungi
  6 lost souls
  20 plants
82 creatures vanquished.

Grand Total: 4148 creatures vanquished

Notes
Turn   | Place    | Note
--------------------------------------------------------------
     0 | D:1      | Strylgvaidir the Minotaur Fighter began the quest for the Orb.
     0 | D:1      | Reached XP level 1. HP: 19/19 MP: 0/0
   452 | D:1      | Reached XP level 2. HP: 27/27 MP: 1/1
   872 | D:2      | Reached skill level 4 in Armour
   981 | D:2      | Reached XP level 3. HP: 25/33 MP: 2/2
  1145 | D:2      | Reached skill level 1 in Dodging
  1308 | D:2      | Found a burning altar of Makhleb.
  1309 | D:2      | Noticed a balrug
  1561 | D:2      | Reached XP level 4. HP: 35/40 MP: 3/3
  1710 | D:2      | Found a glowing silver altar of Zin.
  1710 | D:2      | Noticed an angel
  1948 | D:3      | Noticed Natasha
  1954 | D:3      | Killed Natasha
  2005 | D:3      | Found a glowing drain.
  2009 | D:3      | Reached XP level 5. HP: 43/46 MP: 4/4
  2027 | Sewer    | Entered a sewer
  2378 | Sewer    | Reached XP level 6. HP: 52/52 MP: 5/5
  2560 | D:3      | Learned a level 3 spell: Mephitic Cloud
  2669 | D:3      | Reached skill level 5 in Axes
  2794 | D:3      | Noticed Natasha
  2801 | D:3      | Killed Natasha
  2925 | D:3      | Reached skill level 5 in Shields
  3030 | D:3      | Noticed Natasha
  3034 | D:3      | Killed Natasha
  3071 | D:3      | Found a stormy altar of Qazlal.
  3371 | D:4      | Reached XP level 7. HP: 44/60 MP: 6/6
  3448 | D:4      | Noticed Duvessa
  3451 | D:4      | Noticed Dowan
  3456 | D:4      | Killed Duvessa
  3456 | D:4      | Reached skill level 5 in Armour
  3473 | D:4      | Killed Dowan
  3473 | D:4      | Reached skill level 5 in Fighting
  3473 | D:4      | Reached skill level 6 in Axes
  3646 | D:4      | Noticed Pikel
  3668 | D:4      | Killed Pikel
  3668 | D:4      | Reached skill level 5 in Dodging
  3668 | D:4      | Reached XP level 8. HP: 34/68 MP: 7/7
  4156 | D:5      | Entered Level 5 of the Dungeon
  4158 | D:5      | Found a blossoming altar of Fedhas.
  4198 | D:5      | Reached skill level 7 in Axes
  4768 | D:5      | Found a staircase to the Ecumenical Temple.
  4774 | Temple   | Entered the Ecumenical Temple
  4789 | Temple   | Became a worshipper of Warmaster Okawaru
  5075 | D:6      | Noticed Prince Ribbit
  5090 | D:6      | Reached skill level 8 in Axes
  5170 | D:6      | Found a sacrificial altar of Ru.
  5395 | D:6      | Reached XP level 9. HP: 75/75 MP: 8/8
  5626 | D:6      | Noticed Sigmund
  5638 | D:6      | Killed Sigmund
  5712 | D:6      | Found a deep blue altar of Sif Muna.
  5731 | D:6      | Identified a +1 rod of inaccuracy (10/10) (You found it on level 6 of the Dungeon)
  5855 | D:6      | Killed Prince Ribbit
  5855 | D:6      | Reached * piety under Okawaru
  6028 | D:6      | Reached skill level 9 in Axes
  6060 | D:7      | Reached skill level 1 in Evocations
  6328 | D:7      | Found Koeheut's Antique Armour Boutique.
  6368 | D:7      | Reached ** piety under Okawaru
  6783 | D:7      | Reached skill level 10 in Axes
  6934 | D:8      | Learned a level 1 spell: Sting
  7063 | D:8      | Noticed Erica
  7112 | D:8      | Killed Erica
  7112 | D:8      | Reached *** piety under Okawaru
  7112 | D:8      | Reached XP level 10. HP: 31/86 MP: 9/9
  7730 | D:8      | Noticed Joseph
  7744 | D:8      | Killed Joseph
  8379 | D:9      | Reached **** piety under Okawaru
  8437 | D:9      | Got a scintillating platinum ring
  8439 | D:9      | Identified the ring "Qifoq" {rC+ Int+6 Dex+4} (You found it on level 9 of the Dungeon)
  8542 | D:9      | Reached skill level 11 in Axes
  8566 | D:9      | Found a shimmering altar of Xom.
  8566 | D:9      | Found a shattered altar of Ashenzari.
  8566 | D:9      | Found an oddly glowing altar of Pakellas.
  8724 | D:9      | Noticed Maurice
  8935 | D:9      | Killed Maurice
  9124 | D:10     | Entered Level 10 of the Dungeon
  9128 | D:10     | Noticed a manticore
  9139 | D:10     | Killed a manticore
  9139 | D:10     | Reached ***** piety under Okawaru
  9139 | D:10     | Reached XP level 11. HP: 58/94 MP: 10/10
  9342 | D:10     | Reached skill level 12 in Axes
  9356 | D:10     | Found a staircase to the Orcish Mines.
  9398 | D:10     | Noticed FIQ's ghost (novice HOFi)
  9443 | D:10     | Killed FIQ's ghost
  9512 | D:10     | Received a gift from Okawaru
  9923 | D:11     | Noticed FIQ's ghost (journeyman TrMo)
  9944 | D:11     | Killed FIQ's ghost
 10188 | D:11     | Reached skill level 13 in Axes
 10250 | D:11     | Noticed a hill giant
 10264 | D:11     | Killed a hill giant
 10264 | D:11     | Reached skill level 10 in Shields
 10655 | D:11     | Found a staircase to the Lair.
 10945 | Lair:1   | Entered Level 1 of the Lair of Beasts
 11060 | Lair:1   | Noticed Grum
 11070 | Lair:1   | Killed Grum
 11143 | Lair:1   | Got a transparent dire flail
 11465 | Lair:1   | Reached XP level 12. HP: 99/105 MP: 11/11
 11493 | Lair:1   | Noticed a four-headed hydra
 11508 | Lair:1   | Killed a four-headed hydra
 11513 | Lair:1   | Reached skill level 10 in Dodging
 11776 | Lair:1   | Reached skill level 14 in Axes
 12123 | Lair:1   | Received a gift from Okawaru
 12123 | Lair:1   | Reached skill level 10 in Fighting
 12293 | Lair:2   | Noticed a seven-headed hydra
 12301 | Lair:2   | Killed a seven-headed hydra
 12310 | Lair:2   | Noticed Sonja
 12328 | Lair:2   | Killed Sonja
 12504 | Lair:2   | Noticed Gastronok
 12524 | Lair:2   | Killed Gastronok
 12524 | Lair:2   | Reached ****** piety under Okawaru
 12524 | Lair:2   | Reached skill level 1 in Polearms
 12725 | Lair:2   | Reached skill level 15 in Axes
 13408 | Lair:3   | Noticed Maud
 13419 | Lair:3   | Killed Maud
 13419 | Lair:3   | Reached XP level 13. HP: 90/114 MP: 8/12
 14068 | Lair:3   | Found a staircase to the Shoals.
 14205 | Lair:4   | Received a gift from Okawaru
 14208 | Lair:4   | Got a pitted battleaxe {god gift}
 14210 | Lair:4   | Found a labyrinth entrance.
 14225 | Lab      | Entered a labyrinth
 15062 | Lab      | Noticed a minotaur
 15068 | Lab      | Killed a minotaur
 15068 | Lab      | Reached skill level 16 in Axes
 15070 | Lab      | Got a translucent amber ring
 15096 | Lab      | Identified the ring "Fuuvvosy" {Ice rPois rN+ MR+} (You took it off a minotaur in a labyrinth)
 15935 | Lair:4   | Reached skill level 10 in Armour
 16296 | Lair:5   | Identified the +5 battleaxe "Hiup" {chop, Str+3} (Okawaru gifted it to you on level 4 of the Lair of Beasts)
 16385 | Lair:5   | Reached skill level 1 in Invocations
 17442 | Lair:6   | Received a gift from Okawaru
 17465 | Lair:6   | Found a staircase to the Snake Pit.
 17662 | Lair:6   | Noticed Kirke
 17670 | Lair:6   | Killed Kirke
 17670 | Lair:6   | Reached skill level 17 in Axes
 18196 | Lair:7   | Noticed zoolka's ghost (journeyman MiBe)
 18224 | Lair:7   | Killed zoolka's ghost
 18362 | Lair:7   | Received a gift from Okawaru
 18429 | Lair:7   | Reached XP level 14. HP: 100/124 MP: 10/13
 18765 | Lair:7   | Found a runed door.
 18765 | Lair:7   | Found a viscous altar of Jiyva.
 18768 | Lair:7   | Found a staircase to the Slime Pits.
 18773 | Lair:7   | Noticed an azure jelly
 18789 | Lair:7   | Killed an azure jelly
 18789 | Lair:7   | Reached skill level 18 in Axes
 19172 | Lair:8   | Entered Level 8 of the Lair of Beasts
 19801 | Lair:8   | Received a gift from Okawaru
 19802 | Lair:8   | Got a crude scale mail {god gift}
 19970 | Lair:8   | Identified the +0 scale mail of the Bells {Int+4 Dex+4} (Okawaru gifted it to you on level 8 of the Lair of Beasts)
 20228 | Lair:8   | Reached skill level 19 in Axes
 20645 | D:12     | Noticed Rupert
 20659 | D:12     | Killed Rupert
 21290 | D:13     | Reached XP level 15. HP: 103/134 MP: 10/15
 21524 | D:13     | Found a gate to the Vaults.
 22049 | D:14     | Noticed Azrael
 22176 | D:14     | Found a flickering gateway to a bazaar.
 22179 | D:14     | Reached skill level 20 in Axes
 22194 | Bazaar   | Entered a bazaar
 22204 | Bazaar   | Found Onielafo's Antique Armour Shop.
 22218 | Bazaar   | Found Feumm's Food Boutique.
 22249 | Bazaar   | Found Nifudghusk's Food Boutique.
 22264 | Bazaar   | Found Hueb's Distillery.
 22278 | Bazaar   | Found Hicinyni's Food Boutique.
 22292 | Bazaar   | Found Usot's Weapon Shop.
 22346 | Bazaar   | Bought a bread ration for 45 gold pieces
 22346 | Bazaar   | Bought 5 fruits for 67 gold pieces
 22346 | Bazaar   | Bought a bread ration for 45 gold pieces
 22346 | Bazaar   | Bought a bread ration for 45 gold pieces
 22346 | Bazaar   | Bought a beef jerky for 13 gold pieces
 22346 | Bazaar   | Bought a bread ration for 45 gold pieces
 22346 | Bazaar   | Bought a meat ration for 45 gold pieces
 22346 | Bazaar   | Bought a meat ration for 45 gold pieces
 22346 | Bazaar   | Bought 4 fruits for 54 gold pieces
 22346 | Bazaar   | Bought a bread ration for 45 gold pieces
 22346 | Bazaar   | Bought a meat ration for 45 gold pieces
 22346 | Bazaar   | Bought a meat ration for 45 gold pieces
 22388 | Bazaar   | Bought a beef jerky for 13 gold pieces
 22388 | Bazaar   | Bought 2 fruits for 27 gold pieces
 22388 | Bazaar   | Bought a meat ration for 45 gold pieces
 22388 | Bazaar   | Bought a meat ration for 45 gold pieces
 22388 | Bazaar   | Bought a meat ration for 45 gold pieces
 22388 | Bazaar   | Bought a beef jerky for 13 gold pieces
 22388 | Bazaar   | Bought a bread ration for 45 gold pieces
 22388 | Bazaar   | Bought a bread ration for 45 gold pieces
 22388 | Bazaar   | Bought a slice of pizza for 13 gold pieces
 22388 | Bazaar   | Bought a bread ration for 45 gold pieces
 22420 | Bazaar   | Bought a bread ration for 65 gold pieces
 22420 | Bazaar   | Bought a meat ration for 65 gold pieces
 22420 | Bazaar   | Bought a bread ration for 65 gold pieces
 22420 | Bazaar   | Bought a royal jelly for 26 gold pieces
 22420 | Bazaar   | Bought a meat ration for 65 gold pieces
 22420 | Bazaar   | Bought a slice of pizza for 19 gold pieces
 22420 | Bazaar   | Bought a meat ration for 65 gold pieces
 22596 | D:14     | Received a gift from Okawaru
 23002 | D:15     | Entered Level 15 of the Dungeon
 23549 | D:15     | Found a staircase to the Depths.
 24008 | D:15     | Identified 3 scrolls of acquirement
 24027 | D:15     | Got a fine crystal plate armour
 24038 | D:15     | Identified the +9 crystal plate armour "Oqiamm" {rF+} (You acquired it on level 15 of the Dungeon)
 24043 | D:15     | Got a warped plate armour
 24055 | D:15     | Identified the +8 plate armour of Buff {rElec rF- Str+5 Dex-2} (You acquired it on level 15 of the Dungeon)
 24161 | D:15     | Gained mutation: Your spells are a little harder to cast, but a little more powerful. [potion of beneficial mutation]
 24349 | Orc:1    | Entered Level 1 of the Orcish Mines
 24466 | Orc:1    | Noticed an orc warlord
 24486 | Orc:1    | Killed an orc warlord
 24743 | Orc:1    | Found a roughly hewn altar of Beogh.
 24755 | Orc:1    | Received a gift from Okawaru
 24755 | Orc:1    | Reached skill level 21 in Axes
 24974 | Orc:2    | Entered Level 2 of the Orcish Mines
 24991 | Orc:2    | Found a staircase to the Elven Halls.
 25201 | Orc:2    | Found Teorphaoq's Armour Emporium.
 25201 | Orc:2    | Found Bioviucw's Book Boutique.
 25203 | Orc:2    | Found Wuekuizu's Antique Weapon Shop.
 25208 | Orc:2    | Found Vurenum's Antique Armour Shoppe.
 25402 | Orc:2    | Found Biv Juiman's Distillery.
 25448 | Orc:2    | Reached XP level 16. HP: 144/144 MP: 16/16
 25773 | Snake:1  | Entered Level 1 of the Snake Pit
 25788 | Lair:6   | Upgraded the game from 0.18-a0-1116-g1750dec to 0.18-a0-1120-g03bd624
 26133 | Snake:1  | Found a bloodstained altar of Trog.
 26424 | Snake:1  | Received a gift from Okawaru
 27095 | Snake:1  | Gained mutation: Your mind is acute. (Int +2) [potion of beneficial mutation]
 27425 | Snake:2  | Reached skill level 22 in Axes
 27485 | Snake:2  | Got a faintly glowing war axe
 28613 | Snake:3  | Received a gift from Okawaru
 29279 | Snake:4  | Entered Level 4 of the Snake Pit
 29521 | Snake:4  | Found a frozen archway.
 29524 | Snake:4  | Received a gift from Okawaru
 29537 | Snake:4  | Got a translucent hat {god gift}
 29548 | Snake:4  | Identified the +2 hat of the Eleven Seas {-Cast +Inv Int+4} (Okawaru gifted it to you on level 4 of the Snake Pit)
 29666 | IceCv    | Entered an ice cave
 30150 | IceCv    | Reached XP level 17. HP: 129/152 MP: 15/17
 30577 | IceCv    | Identified Copregh's Catalogue of Snow and Sinister Magic
 31513 | Snake:4  | Reached skill level 23 in Axes
 31917 | Snake:4  | Received a gift from Okawaru
 31925 | Snake:3  | HP: 6/154 [poisoned by a greater naga (bolt of poison)]
 32442 | Snake:4  | Reached skill level 24 in Axes
 32474 | Snake:4  | Got a pair of translucent boots {god gift}
 32599 | Snake:4  | Identified the -7 pair of boots of the Cockatrice {rElec MR- Dex+5} (Okawaru gifted it to you on level 4 of the Snake Pit)
 32704 | Snake:4  | Got a serpentine rune of Zot
 33272 | Vaults:1 | Entered Level 1 of the Vaults
 33316 | Vaults:1 | Reached skill level 15 in Fighting
 33454 | Vaults:1 | Reached XP level 18. HP: 163/163 MP: 18/18
 33798 | Vaults:1 | Received a gift from Okawaru
 34445 | Vaults:1 | Found Jeanorhu's Magic Scroll Shop.
 34452 | Vaults:1 | Bought a scroll of immolation for 45 gold pieces
 34452 | Vaults:1 | Bought a scroll of immolation for 45 gold pieces
 34452 | Vaults:1 | Bought a scroll of enchant armour for 97 gold pieces
 34715 | Vaults:2 | Reached skill level 15 in Dodging
 34791 | Vaults:2 | Found a staircase to the Crypt.
 34812 | Vaults:2 | Reached skill level 25 in Axes
 35017 | Vaults:2 | Received a gift from Okawaru
 35683 | Vaults:2 | Noticed Norris
 35700 | Vaults:2 | Killed Norris
 35932 | Vaults:2 | Received a gift from Okawaru
 36016 | Vaults:2 | Reached XP level 19. HP: 171/171 MP: 20/20
 36575 | Vaults:3 | Found Onus Sau's Jewellery Shop.
 36583 | Vaults:3 | Bought the brooch of Shielding {Reflect SH+8} for 576 gold pieces
 37137 | Vaults:3 | Reached skill level 26 in Axes
 37397 | Vaults:4 | Reached skill level 15 in Shields
 37674 | Vaults:4 | Noticed Mennas
 37743 | Vaults:4 | Killed Mennas
 37743 | Vaults:4 | Received a gift from Okawaru
 37932 | Vaults:4 | Found Fooleq's Food Shoppe.
 37943 | Vaults:4 | Bought a bread ration for 50 gold pieces
 37943 | Vaults:4 | Bought a bread ration for 50 gold pieces
 37943 | Vaults:4 | Bought a bread ration for 50 gold pieces
 37943 | Vaults:4 | Bought a meat ration for 50 gold pieces
 37943 | Vaults:4 | Bought a bread ration for 50 gold pieces
 37943 | Vaults:4 | Bought a meat ration for 50 gold pieces
 37943 | Vaults:4 | Bought a beef jerky for 15 gold pieces
 37943 | Vaults:4 | Bought a bread ration for 50 gold pieces
 38040 | Vaults:4 | Got a brightly glowing great mace
 38041 | Vaults:4 | Identified the cursed +0 great mace "Ynojerr" {pain, -Tele +Rage rF+ SInv} (You found it on level 4 of the Vaults)
 38042 | Vaults:4 | Identified the +2 war axe of Faleuc {vamp, rElec Str+3} (You found it on level 2 of the Snake Pit)
 38740 | Vaults:5 | Entered Level 5 of the Vaults
 38753 | Vaults:4 | Received a gift from Okawaru
 38856 | Vaults:5 | Reached skill level 27 in Axes
 38863 | Vaults:5 | Received a gift from Okawaru
 38864 | Vaults:5 | Reached XP level 20. HP: 163/182 MP: 12/21
 39498 | Orc:2    | Bought 2 potions of haste for 260 gold pieces
 39498 | Orc:2    | Bought a potion of resistance for 130 gold pieces
 39498 | Orc:2    | Bought a potion of agility for 52 gold pieces
 39498 | Orc:2    | Bought a potion of haste for 130 gold pieces
 39498 | Orc:2    | Bought a potion of haste for 130 gold pieces
 39899 | Vaults:5 | Received a gift from Okawaru
 40010 | Vaults:5 | Noticed a golden dragon
 40028 | Vaults:5 | Killed a golden dragon
 40180 | Vaults:5 | Received a gift from Okawaru
 40183 | Vaults:5 | Got a shimmering war axe {god gift}
 40184 | Vaults:5 | Identified the +1 war axe of Crawling {freeze, Dex+2} (Okawaru gifted it to you on level 5 of the Vaults)
 40591 | Vaults:5 | Identified a +4 rod of the swarm (10/10) (You took it off a vault warden on level 5 of the Vaults)
 40617 | Vaults:5 | Learned a level 1 spell: Apportation
 40630 | Vaults:5 | Got a glittering ivory ring
 40634 | Vaults:5 | Got a bound steel ring
 40722 | Vaults:5 | Identified the ring of Ronivyj {+Fly Int+3} (You found it on level 5 of the Vaults)
 40725 | Vaults:5 | Identified the ring "Syewam" {*Drain rPois rC+ rN+ MR+} (You found it on level 5 of the Vaults)
 40742 | Vaults:5 | Reached XP level 21. HP: 195/195 MP: 22/22
 40784 | Vaults:5 | Received a gift from Okawaru
 40994 | Vaults:5 | Noticed an ancient lich
 41011 | Vaults:5 | Killed an ancient lich
 41294 | Vaults:5 | Got a silver rune of Zot
 41304 | Vaults:5 | Identified the Papyrus of the Excruciating Escort
 42186 | Depths:1 | Entered Level 1 of the Depths
 42219 | Depths:1 | Found a one-way gate to the infinite horrors of the Abyss.
 42426 | Depths:1 | Received a gift from Okawaru
 42811 | Depths:1 | Found a one-way gate leading to the halls of Pandemonium.
 42934 | Depths:1 | Found a gateway to Hell.
 43664 | Depths:2 | Found a corrupted altar of Lugonu.
 43753 | Depths:2 | Found a snail-covered altar of Cheibriados.
 44501 | Depths:3 | Reached XP level 22. HP: 199/209 MP: 21/23
 44560 | Depths:3 | Received a gift from Okawaru
 45377 | Depths:3 | Found a portal to a secret trove of treasure.
 45382 | Depths:3 | You paid a toll of 12 scrolls of teleportation to enter a treasure trove
 45383 | Trove    | Entered a treasure trove
 45402 | Trove    | Got a warped bronze ring
 45403 | Trove    | Identified the ring of Mistrust {rN+ Stlth+} (You found it in a treasure trove)
 45608 | Depths:3 | Got a fine spear
 45609 | Depths:3 | Identified the +10 spear "Odiklot" {pierce, *Corrode +Rage Int+4 Dex+6} (You found it on level 3 of the Depths)
 45795 | Depths:4 | Noticed a golden dragon
 45813 | Depths:4 | Killed a golden dragon
 45825 | Depths:4 | Noticed a golden dragon
 45835 | Depths:4 | Received a gift from Okawaru
 45841 | Depths:4 | Killed a golden dragon
 46003 | Depths:4 | Noticed a caustic shrike
 46003 | Depths:4 | Noticed a caustic shrike
 46003 | Depths:4 | Noticed a juggernaut
 46003 | Depths:4 | Noticed a caustic shrike
 46003 | Depths:4 | Noticed a caustic shrike
 46004 | Depths:4 | Noticed a caustic shrike
 46004 | Depths:4 | Noticed a caustic shrike
 46004 | Depths:4 | Noticed a caustic shrike
 46005 | Depths:4 | Noticed a caustic shrike
 46005 | Depths:4 | Noticed a caustic shrike
 46014 | Depths:4 | Killed a caustic shrike
 46028 | Depths:4 | Noticed a caustic shrike
 46031 | Depths:4 | Killed a caustic shrike
 46033 | Depths:4 | Killed a caustic shrike
 46034 | Depths:4 | Killed a caustic shrike
 46035 | Depths:4 | Noticed an iron giant
 46043 | Depths:4 | Killed a caustic shrike
 46044 | Depths:4 | Noticed a caustic shrike
 46048 | Depths:4 | Killed a caustic shrike
 46050 | Depths:4 | Killed a caustic shrike
 46071 | Depths:4 | Received a gift from Okawaru
 46076 | Depths:4 | Killed a caustic shrike
 46552 | Depths:4 | Gained mutation: Scrolls take you a little longer to read. [a shining eye]
 46556 | Depths:4 | Gained mutation: You are clumsy. (Dex -2) [a shining eye]
 46572 | Depths:4 | Killed a caustic shrike
 46746 | Depths:4 | Killed a caustic shrike
 46769 | Depths:4 | Reached XP level 23. HP: 221/221 MP: 25/25
 47088 | Depths:4 | Got a scorched golden ring
 47094 | Depths:4 | Identified the ring "Haocze" {MR+ Int+5 Slay+6 Stlth-} (You found it on level 4 of the Depths)
 47274 | Depths:4 | Killed an iron giant
 47285 | Depths:4 | Killed a juggernaut
 47600 | Depths:4 | Noticed an iron giant
 47622 | Depths:4 | Killed an iron giant
 47883 | Depths:5 | Entered Level 5 of the Depths
 47894 | Depths:5 | Received a gift from Okawaru
 48040 | Depths:4 | Killed a caustic shrike
 48824 | Depths:5 | Got a crude platinum ring
 48832 | Depths:5 | Reached skill level 15 in Armour
 49006 | Depths:5 | Noticed an ancient lich
 49021 | Depths:5 | Found a gateway to a ziggurat.
 49032 | Depths:5 | Killed an ancient lich
 49104 | Depths:5 | Noticed a juggernaut
 49117 | Depths:5 | Killed a juggernaut
 49293 | Depths:5 | Reached XP level 24. HP: 234/234 MP: 25/25
 49426 | Depths:5 | Received a gift from Okawaru
 49529 | Depths:5 | Found a gate to the Realm of Zot.
 50484 | Depths:5 | Identified the ring "Fyerog" {rC++ EV+4} (You found it on level 5 of the Depths)
 50502 | Zig:1    | Entered Level 1 of a ziggurat
 50529 | Zig:2    | Entered Level 2 of a ziggurat
 50546 | Zig:3    | Entered Level 3 of a ziggurat
 50586 | Zig:3    | Lost mutation: Scrolls take you a little longer to read. [potion of cure mutation]
 50586 | Zig:3    | Lost mutation: Your mind is acute. (Int +2) [potion of cure mutation]
 50586 | Zig:3    | Lost mutation: Your spells are a little harder to cast, but a little more powerful. [potion of cure mutation]
 50586 | Zig:3    | Lost mutation: You are clumsy. (Dex -2) [potion of cure mutation]
 50590 | Zig:4    | Entered Level 4 of a ziggurat
 50668 | Zig:5    | Entered Level 5 of a ziggurat
 50755 | Zig:6    | Entered Level 6 of a ziggurat
 50915 | Zig:7    | Entered Level 7 of a ziggurat
 51154 | Zig:7    | Reached skill level 1 in Throwing
 51154 | Zig:7    | Reached XP level 25. HP: 236/245 MP: 25/25
 51155 | Zig:7    | Reached XP level 26. HP: 243/253 MP: 25/25
 51162 | Zig:8    | Entered Level 8 of a ziggurat
 51197 | Zig:8    | Received a gift from Okawaru
 51240 | Zig:8    | Got a steaming battleaxe
 51242 | Zig:8    | Identified the Reference Book on the Voyage and Transformation
 51257 | Zig:9    | Entered Level 9 of a ziggurat
 51275 | Zig:9    | Reached skill level 5 in Invocations
 51298 | Zig:9    | Got a flickering granite ring
 51303 | Zig:9    | Got a crude spear
 51321 | Zig:9    | Identified the +6 spear of Lies {holy, +Blink rC++} (You found it on level 9 of a ziggurat)
 51322 | Zig:9    | Identified the ring of Veoh {*Tele rPois rC- Str+2 Int+4} (You found it on level 9 of a ziggurat)
 51336 | Zig:9    | Got a brightly glowing granite ring
 51337 | Zig:9    | Identified the ring of Fejim {*Tele rPois rF+ MP+9} (You found it on level 9 of a ziggurat)
 51346 | Zig:10   | Entered Level 10 of a ziggurat
 51386 | Zig:10   | Received a gift from Okawaru
 51398 | Zig:10   | Got a dazzling war axe {god gift}
 51399 | Zig:10   | Identified the +4 war axe "Walyshro" {chop, rC+ Str+6} (Okawaru gifted it to you on level 10 of a ziggurat)
 51688 | Zig:11   | Entered Level 11 of a ziggurat
 51869 | Zig:12   | Entered Level 12 of a ziggurat
 52066 | Zig:13   | Entered Level 13 of a ziggurat
 52077 | Zig:13   | Noticed an ancient lich
 52109 | Zig:13   | Reached XP level 27. HP: 214/264 MP: 20/26
 52110 | Zig:13   | Received a gift from Okawaru
 52127 | Zig:13   | Killed an ancient lich
 52324 | Zig:13   | Got a crude lajatang
 52449 | Zig:14   | Entered Level 14 of a ziggurat
 52507 | Zig:14   | Paralysed by accursed screaming for 1 turns
 52758 | Zig:14   | Got a vibrating steel ring
 52759 | Zig:14   | Identified the ring "Idawielo" {MR+ Str+2 Dex+2 SInv} (You found it on level 14 of a ziggurat)
 52788 | Zig:15   | Entered Level 15 of a ziggurat
 52800 | Zig:15   | Noticed Fuplehuc the pandemonium lord
 52800 | Zig:15   | Noticed Qudwuosasask the pandemonium lord
 52802 | Zig:15   | Noticed Gosch the pandemonium lord
 52802 | Zig:15   | Noticed Gotyf the pandemonium lord
 52809 | Zig:15   | Noticed Tics the pandemonium lord
 52817 | Zig:15   | Killed Qudwuosasask the pandemonium lord
 52819 | Zig:15   | Killed Fuplehuc the pandemonium lord
 52834 | Zig:15   | Killed Gosch the pandemonium lord
 52840 | Zig:15   | Killed Gotyf the pandemonium lord
 52860 | Zig:15   | Killed Tics the pandemonium lord
 52899 | Zig:15   | Gained mutation: You evolve. [potion of beneficial mutation]
 52905 | Zig:15   | Got a faintly glowing marble ring
 52906 | Zig:15   | Identified the ring "Qissek" {rCorr rN++} (You found it on level 15 of a ziggurat)
 52940 | Zig:15   | Got a smoking spear
 52941 | Zig:15   | Identified the +4 spear "Jontingopur" {venom, rElec rF- rN+ Str+2} (You found it on level 15 of a ziggurat)
 52953 | Zig:16   | Entered Level 16 of a ziggurat
 52966 | Zig:16   | Noticed Aroecuol the pandemonium lord
 52983 | Zig:16   | Received a gift from Okawaru
 53004 | Zig:16   | Killed Aroecuol the pandemonium lord
 53544 | Zig:16   | Gained mutation: You are agile. (Dex +2) [evolution]
 53611 | Zig:17   | Entered Level 17 of a ziggurat
 53655 | Zig:17   | Received a gift from Okawaru
 53724 | Zig:17   | Received a gift from Okawaru
 53760 | Zig:17   | Identified the Disquisition on Curses
 53767 | Zig:17   | Got a pitted platinum amulet
 53775 | Zig:17   | Got a crude ruby amulet
 53956 | Zig:17   | Identified the amulet of Vucaux {Reflect rF+ MR+ SH+3} (You found it on level 17 of a ziggurat)
 53965 | Zig:17   | Identified the amulet "Cyorchohu" {Reflect rF+ MR+ Slay-4 SH+5} (You found it on level 17 of a ziggurat)
 53988 | Zig:18   | Entered Level 18 of a ziggurat
 54170 | Zig:18   | Got a glittering jade ring
 54372 | Depths:3 | Reached skill level 27 in Fighting
 54623 | Elf:1    | Entered Level 1 of the Elven Halls
 54817 | Elf:1    | Received a gift from Okawaru
 54917 | Elf:1    | Found a huge runed gate.
 54918 | Elf:1    | Found a huge runed gate.
 54918 | Elf:1    | Found a huge runed gate.
 54919 | Elf:1    | Found a huge runed gate.
 54919 | Elf:1    | Found a huge runed gate.
 54920 | Elf:1    | Found a huge runed gate.
 54920 | Elf:1    | Found a huge runed gate.
 54920 | Elf:1    | Found a huge runed gate.
 54929 | Elf:1    | Found a huge runed gate.
 54936 | Elf:1    | Found a huge runed gate.
 54937 | Elf:1    | Found a huge runed gate.
 54938 | Elf:1    | Found a huge runed gate.
 54998 | Elf:1    | Found Kilomap's Armour Boutique.
 55324 | Elf:1    | Found a huge runed gate.
 55324 | Elf:1    | Found a huge runed gate.
 55324 | Elf:1    | Found a huge runed gate.
 55324 | Elf:1    | Found a huge runed gate.
 55324 | Elf:1    | Found a huge runed gate.
 55325 | Elf:1    | Found a huge runed gate.
 55325 | Elf:1    | Found a huge runed gate.
 55327 | Elf:1    | Found a huge runed gate.
 55327 | Elf:1    | Found a huge runed gate.
 55355 | Elf:1    | Found a huge runed gate.
 55355 | Elf:1    | Found a huge runed gate.
 55355 | Elf:1    | Found a huge runed gate.
 55445 | Elf:1    | Found a huge runed gate.
 55445 | Elf:1    | Found a huge runed gate.
 55445 | Elf:1    | Found a huge runed gate.
 55449 | Elf:1    | Found a huge runed gate.
 55450 | Elf:1    | Found a huge runed gate.
 55567 | Elf:1    | Identified Zyokazas's Compendium of Creative Combat Magic
 55625 | Elf:1    | Received a gift from Okawaru
 55694 | Elf:2    | Found Tipt's Gadget Emporium.
 55753 | Elf:2    | Found Ibanecaa's Distillery.
 55761 | Elf:2    | Bought a potion of berserk rage for 80 gold pieces
 55761 | Elf:2    | Bought a potion of berserk rage for 80 gold pieces
 55761 | Elf:2    | Bought a potion of agility for 64 gold pieces
 55761 | Elf:2    | Bought a potion of agility for 64 gold pieces
 55761 | Elf:2    | Bought a potion of heal wounds for 80 gold pieces
 55761 | Elf:2    | Bought a potion of haste for 160 gold pieces
 55761 | Elf:2    | Identified the ring of Impatience {MR+ Str+3} (You found it on level 18 of a ziggurat)
 55771 | Elf:2    | Noticed Reinor's ghost (journeyman MiGl)
 55780 | Elf:2    | Killed Reinor's ghost
 55801 | Elf:2    | Found Xiss's Gadget Shop.
 55995 | Elf:2    | Found a huge runed gate.
 55995 | Elf:2    | Found a huge runed gate.
 55995 | Elf:2    | Found a huge runed gate.
 55995 | Elf:2    | Found a huge runed gate.
 55996 | Elf:2    | Found a huge runed gate.
 56686 | Elf:2    | Received a gift from Okawaru
 56825 | Elf:3    | Entered Level 3 of the Elven Halls
 56826 | Elf:3    | Noticed Saint Roka
 56852 | Elf:3    | Killed Saint Roka
 57178 | Elf:3    | Found Ufant's General Store.
 57200 | Elf:3    | Bought a potion of haste for 190 gold pieces
 57200 | Elf:3    | Bought a scroll of silence for 142 gold pieces
 57200 | Elf:3    | Bought a meat ration for 95 gold pieces
 57897 | Elf:3    | Got a scintillating turquoise ring
 57898 | Elf:3    | Identified the ring "Honwollo" {rF+ Str+2 SInv} (You found it on level 3 of the Elven Halls)
 57901 | Elf:3    | Got a crude broad axe
 57931 | Elf:3    | Identified the cursed +0 broad axe "Raavaeq" {chop, *Drain rC++ Dex+6} (You found it on level 3 of the Elven Halls)
 57939 | Elf:3    | Got an encrusted broad axe
 57940 | Elf:3    | Identified the cursed +1 broad axe of Dullness {drain, rF+ Int+3} (You found it on level 3 of the Elven Halls)
 57961 | Elf:3    | Got a vibrating zirconium amulet
 57962 | Elf:3    | Identified the amulet of the Elephant {MPRegen +Fly rC+ Str-2 Int+3} (You found it on level 3 of the Elven Halls)
 58782 | Slime:1  | Entered Level 1 of the Pits of Slime
 58886 | Slime:1  | Gained mutation: You are frail (-10% HP). [a shining eye]
 59104 | Slime:2  | Received a gift from Okawaru
 59662 | Slime:2  | Noticed Dissolution
 59686 | Slime:2  | Killed Dissolution
 59686 | Slime:2  | Received a gift from Okawaru
 60550 | Slime:4  | Gained mutation: Your magical capacity is low (-10% MP). [a shining eye]
 60551 | Slime:4  | Gained mutation: You are weak. (Str -2) [a shining eye]
 60553 | Slime:4  | Gained mutation: Your mind is acute. (Int +2) [a shining eye]
 60569 | Slime:4  | Received a gift from Okawaru
 60650 | Slime:4  | Got a pair of dazzling gloves {god gift}
 60661 | Slime:4  | Identified the +2 pair of gloves of Apoopoe {-Tele +Inv rF++ Slay+3} (Okawaru gifted it to you on level 4 of the Pits of Slime)
 60704 | Slime:4  | Gained mutation: Potions and wands are less effective at restoring your health. [a shining eye]
 60763 | Slime:4  | Gained mutation: You have a pair of large horns on your head. [evolution]
 61046 | D:15     | Lost mutation: You have a pair of large horns on your head. [potion of cure mutation]
 61046 | D:15     | Lost mutation: You are frail (-10% HP). [potion of cure mutation]
 61046 | D:15     | Lost mutation: Potions and wands are less effective at restoring your health. [potion of cure mutation]
 61046 | D:15     | Lost mutation: Your mind is acute. (Int +2) [potion of cure mutation]
 61046 | D:15     | Lost mutation: You evolve. [potion of cure mutation]
 61047 | D:15     | Lost mutation: You are weak. (Str -2) [potion of cure mutation]
 61047 | D:15     | Lost mutation: You are agile. (Dex +2) [potion of cure mutation]
 61047 | D:15     | Lost mutation: Your magical capacity is low (-10% MP). [potion of cure mutation]
 62228 | Slime:6  | Entered Level 6 of the Pits of Slime
 62356 | Slime:6  | Gained mutation: Scrolls take you a little longer to read. [a shining eye]
 62357 | Slime:6  | Gained mutation: You occasionally shout uncontrollably at your foes. [a shining eye]
 62363 | Slime:6  | Noticed the Royal Jelly
 62379 | Slime:6  | Killed the Royal Jelly
 62583 | Slime:6  | Gained mutation: Your body sometimes deteriorates upon taking damage. [a shining eye]
 62588 | Slime:6  | Gained mutation: Your magical capacity is low (-10% MP). [a shining eye]
 62592 | Slime:6  | Gained mutation: You are occasionally teleported next to monsters. [a shining eye]
 62593 | Slime:6  | Gained mutation: You have a pair of large horns on your head. [a shining eye]
 62599 | Slime:6  | Gained mutation: Your spells are a little easier to cast, but a little less powerful. [a shining eye]
 62782 | Slime:6  | Gained mutation: You are dopey. (Int -2) [a shining eye]
 62783 | Slime:6  | Gained mutation: You are very dopey. (Int -4) [a shining eye]
 63105 | Slime:6  | Got a twitching platinum ring
 63108 | Slime:6  | Identified the ring "Huejuyla" {*Drain rPois rC+ MP+9 Dex+5} (You found it on level 6 of the Pits of Slime)
 63202 | Slime:6  | Lost mutation: You are very dopey. (Int -4) [potion of cure mutation]
 63202 | Slime:6  | Lost mutation: You have a pair of large horns on your head. [potion of cure mutation]
 63202 | Slime:6  | Lost mutation: You are dopey. (Int -2) [potion of cure mutation]
 63202 | Slime:6  | Lost mutation: Your magical capacity is low (-10% MP). [potion of cure mutation]
 63203 | Slime:6  | Lost mutation: Your spells are a little easier to cast, but a little less powerful. [potion of cure mutation]
 63203 | Slime:6  | Lost mutation: Scrolls take you a little longer to read. [potion of cure mutation]
 63203 | Slime:6  | Lost mutation: Your body sometimes deteriorates upon taking damage. [potion of cure mutation]
 63203 | Slime:6  | Lost mutation: You are occasionally teleported next to monsters. [potion of cure mutation]
 63203 | Slime:6  | Lost mutation: You occasionally shout uncontrollably at your foes. [potion of cure mutation]
 63204 | Slime:6  | Gained mutation: You have sharp toenails. [potion of beneficial mutation]
 63354 | Slime:6  | Identified Guip Uwk's Second Course in Thaumaturgy
 63364 | Slime:6  | Got a sparkling tin amulet
 63365 | Slime:6  | Identified the amulet of Wiosymil {MPRegen Dex+6 Stlth-} (You found it on level 6 of the Pits of Slime)
 63384 | Slime:6  | Got an ichor-stained plate armour
 63385 | Slime:6  | Identified the +9 plate armour "Bimpesm" {rElec Regen+} (You found it on level 6 of the Pits of Slime)
 63413 | Slime:6  | Got a slimy glass ring
 63416 | Slime:6  | Identified the ring "Xixetz" {rN+ MP+9 Str+4} (You found it on level 6 of the Pits of Slime)
 63427 | Slime:6  | Learned a level 6 spell: Haste
 63429 | Slime:6  | Got a slimy rune of Zot
 63460 | Slime:6  | Identified a +4 rod of ignition (9/9) (You found it on level 6 of the Pits of Slime)
 63652 | Shoals:1 | Entered Level 1 of the Shoals
 64313 | Shoals:1 | Reached skill level 27 in Shields
 64806 | Shoals:2 | Found Fuavosocont's Book Shop.
 65503 | Shoals:4 | Entered Level 4 of the Shoals
 65512 | Shoals:4 | Received a gift from Okawaru
 65706 | Shoals:4 | Received a gift from Okawaru
 65744 | Shoals:4 | Got a barnacled rune of Zot
 65795 | Shoals:4 | Identified the Volume of Aid
 65911 | Shoals:4 | Noticed Ilsuiw
 65980 | Shoals:4 | Killed Ilsuiw
 67115 | Zot:1    | Entered Level 1 of the Realm of Zot
 67252 | Zot:1    | Noticed Tiamat
 67301 | Zot:1    | Killed Tiamat
 68680 | Zot:2    | Received a gift from Okawaru
 69846 | Zot:3    | Received a gift from Okawaru
 70927 | Zot:4    | Identified the Handbook of Sinister Boosts
 71157 | Zot:5    | Entered Level 5 of the Realm of Zot
 71177 | Zot:5    | Received a gift from Okawaru
 71686 | Zot:5    | Noticed an ancient lich
 71694 | Zot:5    | Noticed an ancient lich
 71712 | Zot:5    | Killed an ancient lich
 71712 | Zot:5    | Reached skill level 27 in Dodging
 71729 | Zot:5    | Killed an ancient lich
 71754 | Zot:5    | Noticed an orb of fire
 71770 | Zot:5    | Killed an orb of fire
 71772 | Zot:5    | Noticed an orb of fire
 71792 | Zot:5    | Killed an orb of fire
 72041 | Zot:5    | Noticed an orb of fire
 72045 | Zot:5    | Noticed an orb of fire
 72051 | Zot:5    | Gained mutation: Armour fits poorly on your strangely shaped body. [an orb of fire]
 72057 | Zot:5    | Gained mutation: Scrolls take you a little longer to read. [an orb of fire]
 72064 | Zot:5    | Killed an orb of fire
 72072 | Zot:5    | Killed an orb of fire
 72075 | Zot:5    | Received a gift from Okawaru
 72413 | Zot:5    | Reached skill level 27 in Armour
 72417 | Zot:5    | Noticed an orb of fire
 72428 | Zot:5    | Killed an orb of fire
 72428 | Zot:5    | Reached skill level 1 in Spellcasting
 72428 | Zot:5    | Reached skill level 1 in Air Magic
 72433 | Zot:5    | Noticed an orb of fire
 72434 | Zot:5    | Noticed an orb of fire
 72434 | Zot:5    | Gained mutation: You are occasionally teleported next to monsters. [an orb of fire]
 72446 | Zot:5    | Killed an orb of fire
 72450 | Zot:5    | Gained mutation: Your body sometimes deteriorates upon taking damage. [an orb of fire]
 72455 | Zot:5    | Killed an orb of fire
 72459 | Zot:5    | Noticed an orb of fire
 72460 | Zot:5    | Gained mutation: Your magical capacity is low (-10% MP). [an orb of fire]
 72468 | Zot:5    | Gained mutation: You expend magic power (3 MP) to strengthen your wands. [an orb of fire]
 72482 | Zot:5    | Gained mutation: You regenerate slowly when monsters are visible. [an orb of fire]
 72486 | Zot:5    | Killed an orb of fire
 73686 | Vaults:5 | Learned a level 5 spell: Fireball
 73696 | Vaults:5 | Learned a level 9 spell: Shatter
 74314 | Vaults:5 | Learned a level 9 spell: Tornado
 74443 | Crypt:1  | Entered Level 1 of the Crypt
 75016 | Crypt:2  | Reached skill level 1 in Earth Magic
 75045 | Crypt:2  | Reached skill level 1 in Fire Magic
 75198 | Crypt:2  | Received a gift from Okawaru
 75797 | Crypt:3  | Entered Level 3 of the Crypt
 75810 | Crypt:3  | Reached skill level 5 in Spellcasting
 75844 | Crypt:3  | Got an ancient pewter ring
 75847 | Crypt:3  | Identified the ring of the Spinneret {Ice +Inv MR+ Str+3} (You found it on level 3 of the Crypt)
 75860 | Crypt:3  | Received a gift from Okawaru
 76033 | Crypt:3  | Reached skill level 5 in Earth Magic
 76066 | Crypt:3  | Found a basalt altar of Yredelemnul.
 76101 | Crypt:3  | Received a gift from Okawaru
 76289 | Crypt:3  | Identified the Tome of Unholy Rituals
 76370 | Crypt:3  | Noticed an ancient lich
 76375 | Crypt:3  | Found a staircase to the Tomb.
 76382 | Crypt:3  | Killed an ancient lich
 76409 | Crypt:3  | Identified the Catalogue of the Supportive Traveller
 77195 | Hell     | Entered the Vestibule of Hell
 77195 | Hell     | Noticed Geryon
 77224 | Hell     | Noticed Murray
 77236 | Hell     | Killed Geryon
 77236 | Hell     | Received a gift from Okawaru
 77248 | Hell     | Killed Murray
 77305 | Hell     | Lost mutation: Your body sometimes deteriorates upon taking damage. [potion of cure mutation]
 77305 | Hell     | Lost mutation: You have sharp toenails. [potion of cure mutation]
 77305 | Hell     | Lost mutation: Your magical capacity is low (-10% MP). [potion of cure mutation]
 77306 | Hell     | Lost mutation: Scrolls take you a little longer to read. [potion of cure mutation]
 77306 | Hell     | Lost mutation: Armour fits poorly on your strangely shaped body. [potion of cure mutation]
 77306 | Hell     | Lost mutation: You are occasionally teleported next to monsters. [potion of cure mutation]
 77306 | Hell     | Lost mutation: You regenerate slowly when monsters are visible. [potion of cure mutation]
 77306 | Hell     | Lost mutation: You expend magic power (3 MP) to strengthen your wands. [potion of cure mutation]
 77324 | Hell     | Found a gateway to the Iron City of Dis.
 77514 | Hell     | Found a gateway to the ashen valley of Gehenna.
 77645 | Hell     | Reached skill level 10 in Invocations
 77715 | Hell     | Found a gateway to the decaying netherworld of Tartarus.
 77791 | Hell     | Found a gateway to the freezing wastes of Cocytus.
 77803 | Coc:1    | Entered Level 1 of Cocytus
 78051 | Coc:1    | Gained mutation: You occasionally shout uncontrollably at your foes. [mutagenic glow]
 78076 | Coc:1    | Gained mutation: Scrolls take you a little longer to read. [mutagenic glow]
 79280 | Coc:1    | Received a gift from Okawaru
 79895 | Coc:2    | Reached skill level 10 in Earth Magic
 80743 | Coc:2    | Received a gift from Okawaru
 81333 | Coc:2    | Reached skill level 10 in Spellcasting
 81485 | Tar:1    | Entered Level 1 of Tartarus
 83008 | Tar:1    | Received a gift from Okawaru
 83870 | Dis:1    | Entered Level 1 of the Iron City of Dis
 84282 | Dis:1    | Found a huge runed gate.
 84282 | Dis:1    | Found a huge runed gate.
 84282 | Dis:1    | Found a huge runed gate.
 84288 | Dis:1    | Found a huge runed gate.
 84289 | Dis:1    | Found a huge runed gate.
 84290 | Dis:1    | Found a huge runed gate.
 84290 | Dis:1    | Found a huge runed gate.
 84291 | Dis:1    | Found a huge runed gate.
 84292 | Dis:1    | Found a huge runed gate.
 84292 | Dis:1    | Found a huge runed gate.
 84299 | Dis:1    | Found a huge runed gate.
 84310 | Dis:1    | Found a huge runed gate.
 84310 | Dis:1    | Found a huge runed gate.
 84311 | Dis:1    | Found a huge runed gate.
 84311 | Dis:1    | Found a huge runed gate.
 84633 | Dis:1    | Found a huge runed gate.
 84633 | Dis:1    | Found a huge runed gate.
 84633 | Dis:1    | Found a huge runed gate.
 84633 | Dis:1    | Found a huge runed gate.
 84639 | Dis:1    | Found a huge runed gate.
 84640 | Dis:1    | Found a huge runed gate.
 84642 | Dis:1    | Found a huge runed gate.
 84692 | Dis:1    | Received a gift from Okawaru
 84705 | Dis:1    | Got a transparent broad axe {god gift}
 84708 | Dis:1    | Identified the +9 broad axe of Xynaifea {flame, rF+ Int-3 Dex+7} (Okawaru gifted it to you on level 1 of the Iron City of Dis)
 85124 | Dis:1    | Found a huge runed gate.
 85124 | Dis:1    | Found a huge runed gate.
 85124 | Dis:1    | Found a huge runed gate.
 85125 | Dis:1    | Found a huge runed gate.
 85126 | Dis:1    | Found a huge runed gate.
 85127 | Dis:1    | Found a huge runed gate.
 85128 | Dis:1    | Found a huge runed gate.
 85129 | Dis:1    | Found a huge runed gate.
 85133 | Dis:1    | Found a huge runed gate.
 86256 | Geh:1    | Entered Level 1 of Gehenna
 88068 | Zot:5    | Got the Orb of Zot
 88107 | Zot:5    | Noticed Gozeugg the pandemonium lord
 88127 | Zot:5    | Killed Gozeugg the pandemonium lord
 88127 | Zot:5    | Received a gift from Okawaru
 88290 | Depths:4 | Noticed Vonnief the pandemonium lord
 88301 | Depths:4 | Killed Vonnief the pandemonium lord
 88747 | D:9      | Noticed Unoquim the pandemonium lord
 88759 | D:9      | Killed Unoquim the pandemonium lord
 88966 | D:3      | Gained mutation: Your movements are slightly less encumbered by armour (ER -2). [a neqoxec]
 89052 | D:1      | Noticed Peosille the pandemonium lord
 89065 | D:1      | Killed Peosille the pandemonium lord
 89254 | D:1      | Noticed Ypaelayss the pandemonium lord
 89282 | D:1      | Killed Ypaelayss the pandemonium lord
 89462 | D:1      | Noticed Quepn the pandemonium lord
 89481 | D:1      | Killed Quepn the pandemonium lord
 89483 | D:1      | Noticed Jiyrapp the pandemonium lord
 89496 | D:1      | Killed Jiyrapp the pandemonium lord
 89511 | D:1      | Reached skill level 15 in Earth Magic
 89527 | D:$      | Escaped with the Orb!

Vault maps used:
D:1:      minmay_arrival_arboretum_large, hex_tiny
D:2:      grunt_temple_overflow_order_and_chaos_2, first_bread, serial_undead,
          serial_undead_e, serial_undead_e, serial_undead_a, serial_undead_c
D:3:      nicolae_overflow_hidden_temple, portal_sewer_entry_f, uniq_natasha
D:4:      uniq_duvessa, uniq_pikel
D:5:      old_standard_altar, temple_statues, kennysheep_generic_room_15
D:6:      kennysheep_mini, nicolae_ru_awakened_eye, uniq_sigmund,
          uniq_prince_ribbit1
D:7:      serial_shops, nicolae_shop_crystal, minmay_misc_feat_columns
D:8:      uniq_erica, uniq_joseph
D:9:      gammafunk_temple_overflow_forgotten, grunt_ogre_cave,
          roderic_st_hans_cross, st_stairs_11, uniq_maurice
D:10:     orc_0_dummy
D:11:     grunt_lair_entry_orc_guard_hut, st_stairs_6
D:12:     uniq_rupert
D:13:     david_vaults_2
D:14:     serial_shops, bzr_entry_water, uniq_azrael
D:15:     grunt_enter_depths_hoard, roderic_lattice_a
Temple:   circular_temple_12
Lair:1:   lemuel_fruit_fields, grunt_megastairs_4, uniq_grum
Lair:2:   st_stairs_5, minivault_19, uniq_gastronok, uniq_sonja
Lair:3:   minmay_shoals_entry_hut, serial_bayou_lagoon_a, uniq_maud
Lair:4:   lab_entry_generic, infiniplex_staircase_pool, grunt_megastairs_3
Lair:5:   beast_lair_carwin_7, serial_bayou_shore_b
Lair:6:   guppyfry_snake_entry_garden, nicolae_quartered_pool_medium,
          grunt_megastairs_1, uniq_kirke
Lair:7:   slime_altar_2
Lair:8:   grunt_lair_end_beastmaster
Shoals:1: nicolae_shoals_stone_sculpture_thing
Shoals:2: serial_shops, shop_fountains
Shoals:3: nicolae_shoals_water_elemental_grotto
Shoals:4: shoals_end_simple, shoals_ilsuiw_alternative
Snake:1:  basic_altar
Snake:3:  nrook_guardian_serpent_snake_passage
Snake:4:  johnstein_snake_rune_scales, portal_ice_cave_demonic_guard
Slime:2:  cheibrodos_slime_lost_civilization_4, uniq_dissolution
Slime:4:  cheibrodos_slime_lost_civilization_7
Orc:1:    kennysheep_orc_chapel
Orc:2:    st_orc_rangers, serial_shops, shop
Elf:1:    elf_arrival_002, serial_shops, nicolae_shop_waterfront,
          minmay_elf_sorcery, door_vault
Elf:2:    serial_shops, nicolae_shop_crystal, shop,
          nicolae_shop_temple_entry_statues_fountains
Elf:3:    elf_hall, serial_shops, shop, uniq_saint_roka
Vaults:1: ontoclasm_vaults_ring_small, ontoclasm_vaults_spin,
          nicolae_vaults_little_squares_1, vaults_dpeg_doors, vaults_dpeg_cross,
          v_misc_11, v_alt_pattern_5, vaults_room_semicircle, v_misc_16,
          v_misc_14, v_pattern_4, vaults_room_hallway, vaults_mumra_hex,
          v_misc_5, v_alt_pattern_4, ontoclasm_vaults_pinch,
          ontoclasm_vaults_ring_small, serial_shops, shop
Vaults:2: v_misc_14, v_misc_31, vaults_room_grunt_arrival_checkpoint,
          minmay_crypt_entry_simple_round, nicolae_vaults_little_squares_4,
          grunt_vaults_trifunnel, nicolae_vaults_little_squares_2, v_pattern_3,
          hangedman_vaults_stream, nicolae_vaults_ring_of_whatevers,
          vaults_room_door_hall, serial_shops, bzr_entry_lakeside, uniq_norris
Vaults:3: v_misc_1, grunt_vaults_funnel, grunt_vaults_hallway_long, v_misc_8,
          hangedman_vaults_river_flow, ontoclasm_vaults_bender,
          nicolae_vaults_statue_guard, serial_shops, shop_statue
Vaults:4: v_misc_1, v_misc_26, v_misc_27, nicolae_vaults_gold_heap, v_misc_13,
          v_alt_pattern_1, v_alt_pattern_2, dpeg_vaults_monster_box,
          serial_shops, nicolae_shop_scaring_up_business, uniq_mennas
Vaults:5: serial_shops
Crypt:3:  grunt_crypt_end_deaths_head
Depths:1: grunt_hell_entry_dis_old, grunt_pan_entry_zigzag,
          minmay_misc_feat_room, abyss_entry, kennysheep_generic_room_12,
          roderic_lattice_octagonal_star, serial_bayou_shore_a
Depths:2: kennysheep_cluttered_fort, roderic_aztec_sauvastika, hell_entry,
          abyss_entry_flame_altar, cheibriados_altar_1,
          infiniplex_staircase_spiral_double
Depths:3: evilmike_cross, grunt_mini_vestibule, minmay_misc_feat_hallway,
          pan_entry, enter_trove_6, minmay_staircase_bubble, firewood_loft
Depths:4: grunt_runaround, hell_entry, abyss_entry
Depths:5: lemuel_castle_with_subvaults, enter_ziggurat_d, abyss_entry,
          special_room, hell_entry, grunt_pan_entry_sceptre,
          minmay_misc_feat_secret_circle, serial_bayou_shore_b
Dis:1:    door_vault, grunt_megastairs_2
Tar:1:    nicolae_tar_cuneiform_sun
Zot:1:    uniq_tiamat
Zot:4:    grunt_ministairs_8, basic_loot_grate_trap, hangedman_zot_decor_slant
Zig:4:    ziggurat_pillar_centre_c
Zig:10:   ziggurat_loot_2
Zig:11:   ziggurat_pillar_centre_dead_trees
Zig:14:   ziggurat_pillar_centre_oklobs
Zig:17:   ziggurat_pillar_centre_drop
Lab:      labyrinth_watery
Bazaar:   bazaar_minmay_snake
Trove:    trove_simple
Sewer:    sewer_minmay_treatment
IceCv:    ice_cave_caverns_03

Action                   |  1- 3 |  4- 6 |  7- 9 | 10-12 | 13-15 | 16-18 | 19-21 | 22-24 | 25-27 || total
-------------------------+-------+-------+-------+-------+-------+-------+-------+-------+-------++-------
Melee: War axe           |    97 |   181 |   296 |   523 |       |       |       |       |       ||  1097
       Broad axe         |       |       |       |   252 |  1155 |  1424 |  1298 |  1134 |  5358 || 10621
       Trident           |       |       |       |    16 |       |       |       |       |       ||    16
       Battleaxe         |       |       |       |       |    52 |       |       |       |       ||    52
Invok: Finesse           |       |       |       |     1 |     4 |     4 |     3 |     2 |    30 ||    44
       Heroism           |       |       |       |       |     1 |       |     3 |       |     4 ||     8
Evoke: Wand              |       |       |     3 |       |    15 |     5 |       |     3 |    67 ||    93
       Stone of tremors  |       |       |       |       |       |     1 |       |       |       ||     1
       Rod               |       |       |       |       |       |       |     2 |       |     2 ||     4
       Deck              |       |       |       |       |       |       |     1 |       |       ||     1
       Lamp of fire      |       |       |       |       |       |       |       |       |     1 ||     1
       Disc of storms    |       |       |       |       |       |       |       |       |     2 ||     2
  Use: Scroll            |       |    11 |     6 |    14 |    18 |     9 |    10 |     6 |    48 ||   122
       Potion            |       |     3 |    12 |     6 |     7 |    10 |     8 |     7 |    49 ||   102
 Stab: Invisible         |       |       |       |     6 |       |     1 |       |     3 |   149 ||   159
       Distracted        |       |       |       |       |       |       |     2 |     1 |       ||     3
       Confused          |       |       |       |       |       |       |       |     2 |     5 ||     7
       Held in net/web   |       |       |       |       |       |       |       |       |     2 ||     2
  Eat: Chunk             |     2 |     6 |    12 |    22 |    25 |    11 |     7 |     5 |    30 ||   120
       Fruit             |       |       |       |     3 |    14 |    14 |       |     7 |     7 ||    45
       Pizza             |       |       |       |       |     6 |       |     3 |     2 |     2 ||    13
       Royal jelly       |       |       |       |       |     2 |     2 |       |     1 |     2 ||     7
       Beef jerky        |       |       |       |       |       |       |    15 |     1 |     2 ||    18
       Bread ration      |       |       |       |       |       |       |       |       |    17 ||    17
       Meat ration       |       |       |       |       |       |       |       |       |     4 ||     4
